 Dungeon Crawl Stone Soup version 0.28.0-53-g5a82cb258f (webtiles) character file.

Game seed: 7331840657323381788

2527 funkygono the Carver (level 9, 0/77 (79) HPs)
             Began as a Minotaur Fighter on July 7, 2022.
             Was an Initiate of Okawaru.
             Slain by a killer bee (2 damage)
             ... on level 8 of the Dungeon.
             The game lasted 00:11:07 (7426 turns).

funkygono the Carver (Minotaur Fighter)             Turns: 7426, Time: 00:11:08

HP:   0/77 (79)     AC: 14    Str: 24    XL:     9   Next: 29%
MP:   8/8           EV:  9    Int: 11    God:    Okawaru [......]
Gold: 336           SH:  5    Dex: 11    Spells: 8/8 levels left

rFire   . . .      SeeInvis .   a - +0 long sword (vorpal)
rCold   . . .      Faith    .   c - +0 buckler
rNeg    . . .      Spirit   .   r - +0 chain mail
rPois   .          Reflect  .   (helmet restricted)
rElec   .          Harm     .   (no cloak)
rCorr   .          Rampage  .   o - +1 pair of gloves
Will    .....                   x - +0 pair of boots
Stlth   ..........              (no amulet)
HPRegen 0.22/turn               m - +6 ring of intelligence
MPRegen 0.11/turn               (no ring)

@: lethally poisoned (0 -> -8), lightly drained
A: horns 2, retaliatory headbutt
a: Renounce Religion


You were on level 8 of the Dungeon.
You worshipped Okawaru.
Okawaru was noncommittal.
You visited 2 branches of the dungeon, and saw 9 of its levels.

You collected 336 gold pieces.

Inventory:

Hand Weapons
 a - a +0 vorpal long sword (weapon)
 d - the +3 spear of Rytes {venom, *Noise rElec rPois Str+4}
   (You found it on level 7 of the Dungeon)

   It poisons the flesh of those it strikes.
   Str:       It affects your strength (+4).
   rElec:     It insulates you from electricity.
   rPois:     It protects you from poison.
   *Noise:    It may make noises in combat.
 e - a +4 dagger
 s - a +2 mace of protection
 w - a +2 whip of draining
Missiles
 p - 17 bolts
 t - 9 boomerangs (quivered)
Armour
 c - a +0 buckler (worn)
 o - a +1 pair of gloves (worn)
 r - a +0 chain mail (worn)
 x - a +0 pair of boots (worn)
Magical Staves
 f - a staff of air
Jewellery
 m - a +6 ring of intelligence (left hand)
Wands
 b - a wand of polymorph (3)
 v - a wand of mindburst (13)
 y - a wand of iceblast (6)
 z - a wand of digging (9)
Scrolls
 h - 2 scrolls of magic mapping
 q - a scroll of fear
Potions
 g - 4 potions of resistance
 i - a potion of attraction
 j - a potion of flight {unknown}
 k - a potion of ambrosia {unknown}
 n - a potion of magic
 u - a potion of heal wounds {unknown}
 B - a potion of degeneration {unknown}
 C - a potion of haste {unknown}


   Skills:
 + Level 7.3 Fighting
 + Level 9.5 Long Blades
 + Level 1.8 Throwing
 + Level 8.5 Armour
 + Level 2.7 Dodging
 + Level 0.2 Stealth
 + Level 5.9 Shields
 + Level 1.0 Evocations


You had 8 spell levels left.
You didn't know any spells.
Your spell library contained the following spells:

 Spells                   Type           Power      Damage    Failure   Level
 Corpse Rot               Necr/Air       0%         N/A       98%         2
 Poisonous Vapours        Pois/Air       0%         N/A       98%         2
 Stone Arrow              Conj/Erth      0%         3d7       100%        3
 Lehudib's Crystal Spear  Conj/Erth      0%         10d2      100%        8
 Animate Armour           Summ/Erth      Unusable   N/A       N/A         4

Dungeon Overview and Level Annotations

Branches:
Dungeon (8/15)             Temple (1/1) D:4
   Lair: D:8-11

Altars:
Ashenzari
Cheibriados
Dithmenos
Elyvilon
Fedhas
Gozag
Hepliaklqana
Kikubaaqudgha
Makhleb
Nemelex Xobeh
Okawaru
Qazlal
Ru
Sif Muna
Trog
Uskayaw
Vehumet
Wu Jian
Xom
Yredelemnul
Zin
The Shining One

Shops:
D:5 *(   D:6 *   D:7 [


Innate Abilities, Weirdness & Mutations

You have a pair of horns on your head.
You reflexively headbutt those who attack you in melee.


Message History

You slash the killer bee!
The killer bee is almost dead.
You feel sick. You block the killer bee's attack. The killer bee stings you.
The killer bee stings you!
You are more poisoned.
The killer bee poisons you! You block the killer bee's attack.
The killer bee stings you but does no damage.
The killer bee barely misses you.
You barely miss the killer bee. Your headbutt misses the killer bee.
The killer bee is almost dead.
You feel very sick.
The killer bee stings you but does no damage.
The killer bee stings you.
* * * LOW HITPOINT WARNING * * *
The killer bee stings you but does no damage.
You block the killer bee's attack. x2; The killer bee stings you!
* * * LOW HITPOINT WARNING * * *
You closely miss the killer bee.
The killer bee is almost dead.
* * * LOW HITPOINT WARNING * * *
You feel very sick. The killer bee stings you.
* * * LOW HITPOINT WARNING * * *
The killer bee closely misses you. You furiously retaliate!
You headbutt the killer bee.
The killer bee stings you but does no damage.
The killer bee barely misses you. You furiously retaliate!
You headbutt the killer bee!
The killer bee stings you but does no damage.
The killer bee stings you.
* * * LOW HITPOINT WARNING * * *
Really quaff the potion of attraction?
Okay, then.
Unknown command.
You hit the killer bee but do no damage.
Your headbutt misses the killer bee.
The killer bee is almost dead.
* * * LOW HITPOINT WARNING * * *
You feel sick. The killer bee stings you.
You die...

####### #.....# .
#######....?### ..
#..............
...##..............
...................
.......#........###
................#
[.....)@y.........
.......yy........(.
...................
....#....######...
.........# ..
≈........#
≈....#....
.........


You could see 3 killer bees.

Vanquished Creatures
  An unseen horror (D:7)
  Grinder (D:6)
  A steam dragon (D:7)
  2 water moccasins
  A sky beast (D:6)
  5 ogres
  A bullfrog (D:7)
  2 scorpions
  A water moccasin skeleton (D:7)
  3 killer bees
  3 wights
  3 howler monkeys
  A hound (D:5)
  A jelly (D:3)
  2 orc priests
  4 centaur skeletons
  A bullfrog skeleton (D:6)
  A gnoll shaman (D:7)
  An iguana (D:5)
  An orc wizard (D:7)
  A hound skeleton (D:4)
  3 gnolls (D:7)
  8 adders
  A howler monkey skeleton (D:4)
  3 shadow imps
  A white imp (D:7)
  2 worms (D:3)
  2 dart slugs (D:1)
  15 orcs
  11 ball pythons
  6 endoplasms
  8 giant cockroaches
  9 goblins
  4 hobgoblins
  14 jackals
  3 quokkas
  8 bats
  2 frilled lizards
  5 kobolds
  6 rats
148 creatures vanquished.

Vanquished Creatures (others)
  An ufetubus (D:7)
1 creature vanquished.

Grand Total: 149 creatures vanquished

Notes
Turn   | Place    | Note
-------+----------+-------------------------------------------
     0 | D:1      | funkygono the Minotaur Fighter began the quest for the Orb.
     0 | D:1      | Reached XP level 1. HP: 19/19 MP: 0/0
   128 | D:1      | Reached XP level 2. HP: 27/27 MP: 1/1
   202 | D:1      | Found a faded altar of an unknown god.
   500 | D:1      | Reached XP level 3. HP: 33/33 MP: 2/2
   791 | D:2      | Reached skill level 3 in Long Blades
  1721 | D:3      | Reached XP level 4. HP: 41/41 MP: 3/3
  1721 | D:3      | Found a basalt altar of Yredelemnul.
  1721 | D:3      | Found a sacrificial altar of Ru.
  1722 | D:3      | Found a blossoming altar of Fedhas.
  2183 | D:3      | Reached skill level 4 in Long Blades
  2489 | D:4      | Reached XP level 5. HP: 47/47 MP: 4/4
  2788 | D:4      | Noticed an ogre
  2793 | D:4      | Killed an ogre
  2794 | D:4      | Reached skill level 5 in Long Blades
  2794 | D:4      | Reached skill level 1 in Dodging
  2794 | D:4      | Reached XP level 6. HP: 55/55 MP: 5/5
  2854 | D:4      | Reached skill level 5 in Fighting
  3072 | D:4      | Found a staircase to the Ecumenical Temple.
  3084 | D:4      | Reached skill level 6 in Long Blades
  3099 | Temple   | Entered the Ecumenical Temple
  3533 | D:5      | Entered Level 5 of the Dungeon
  3557 | D:5      | Reached XP level 7. HP: 5/61 MP: 6/6
  3558 | D:5      | HP: 1/61 [orc/+0 club (3)]
  3906 | D:5      | Reached skill level 5 in Armour
  4046 | D:5      | Found Akutzewnyr's Antique Weapon Boutique.
  4423 | D:5      | Found a shimmering altar of Xom.
  4443 | D:5      | Found Fihurphabb's Mayhem Merchandise.
  4521 | D:5      | Reached skill level 7 in Long Blades
  4878 | D:6      | Found Foclyqush's General Store.
  5147 | D:6      | Noticed Grinder
  5291 | D:6      | Paralysed by Grinder for 3 turns
  5297 | D:6      | Paralysed by Grinder for 7 turns
  5311 | D:6      | Killed Grinder
  5312 | D:6      | Reached skill level 8 in Long Blades
  5312 | D:6      | Reached XP level 8. HP: 32/70 MP: 7/7
  5594 | D:6      | Reached skill level 5 in Shields
  5701 | D:6      | Reached skill level 1 in Throwing
  6370 | D:7      | Reached skill level 9 in Long Blades
  6389 | D:7      | Reached skill level 1 in Evocations
  6499 | D:7      | Found an iron altar of Okawaru.
  6503 | D:7      | Found a broken altar of Ashenzari.
  6513 | D:7      | HP: 1/71 [something (5)]
  6521 | D:7      | Killed an unseen horror
  6522 | D:7      | Reached XP level 9. HP: 14/78 MP: 8/8
  6524 | D:7      | Became a worshipper of Warmaster Okawaru
  6831 | D:7      | Identified the +3 spear of Rytes {venom, *Noise rElec rPois
                  | Str+4}
  7073 | D:7      | Found Plog's Armour Emporium.
  7426 | D:8      | HP: 2/77 [poisoned by a killer bee]
  7426 | D:8      | Slain by a killer bee

Illustrated notes

Levels and vault maps discovered:
D:1:      sevenhm_arrival_forest_fort_small_3, layout_rooms,
          ebering_ecumenical_altar_abandoned
D:2:      cheibrodos_helix_gallery, layout_loops_ring, grunt_decor_one_mirror,
          nicolae_figureground_sparkle
D:3:      layout_loops_ring, nicolae_overflow_hidden_temple,
          mrwooster_statue_mirror, kennysheep_generic_room_11
D:4:      layout_basic, minmay_temple_entry_trees, corexii_shack,
          kennysheep_generic_room_9
D:5:      layout_basic, mainiacjoe_overflow_concentric_impassable, serial_shops,
          shop_fountains, minmay_shop_mayhem
D:6:      layout_cave_pools, serial_shops, shop,
          corexii_mini_fake_secret_closet, uniq_grinder
D:7:      layout_rooms, mainiacjoe_overflow_divided_tiny, serial_shops, shop
D:8:      layout_basic, supply_closet_lemuel, moated_statue
Temple:   nicolae_temple_elliptical

Skill      XL: |  1  2  3  4  5  6  7  8  9 |
---------------+----------------------------+-----
Fighting       | 4 5 6 7 |  7.3
Shields        | 4 5 |  5.9
Armour         | 4 6 7 8 |  8.5
Long Blades    | 3 4 5 6 8 9 |  9.5
Dodging        | 1 2 |  2.7
Throwing       | 1 |  1.8
Evocations     | 1 |  1.0
Stealth        | |  0.2

Action                   |  1- 3 |  4- 6 |  7- 9 || total
-------------------------+-------+-------+-------++-------
Melee: Long sword        |   109 |   118 |   177 ||   404
       Headbutt          |    10 |    12 |    36 ||    58
Throw: Boomerang         |       |       |     9 ||     9
Evoke: Wand              |       |       |     6 ||     6
  Use: Scroll            |       |       |    13 ||    13
       Potion            |       |       |     4 ||     4
Armor: Scale mail        |    58 |    31 |       ||    89
       Chain mail        |       |    12 |   103 ||   115
Dodge: Dodged            |    61 |    54 |    60 ||   175
Block: Buckler           |    31 |    21 |    41 ||    93
